AoeStats
← tiger

Arabia

509776317Analyzed
3v3 RM · 5d ago on Sep 28, 2026· 38m 18s· 6 players
Game mode
Random Map
Map size
Normal (6 player)
Population
200
Speed
Normal
Resources
Standard
Victory
Conquest
Starting age
Dark Age
Ending age
Imperial Age
RankedLock teamsTeams togetherTeam positionsShared explorationLock speedFull tech treeHidden civsTurbo modeCheats
Victory
Defeat
🇨🇱 Persians · Chile
903
+15
🇨🇱 Vikings · Chile
842
+17
🇩🇪 Malay · Germany
842
+17
🇺🇸 Ethiopians · United States
960
-20
🇺🇸 Huns · United States
834
-15
🇺🇸 Franks · United States
813
-14
Leoking
0:36 Loom
11:39 Feudal Age
14:41 Double-Bit Axe
Walls vs Zombies 2009
9:40 Loom
13:10 Feudal Age
12:50 Double-Bit Axe
14:21 Horse Collar
17:15 Castle Age
17:20 Bow Saw
19:35 Wheelbarrow
23:11 Scale Barding Armor
24:04 Husbandry
24:15 Forging
24:45 Stone Mining
24:57 Heavy Plow
25:59 Hand Cart
25:33 Town Watch
26:49 Iron Casting
26:36 Ballistics
26:38 Masonry
29:25 Stone Shaft Mining
28:40 Gold Mining
32:00 Imperial Age
32:30 Gold Shaft Mining
33:00 Blast Furnace
31:56 Fletching
31:42 Elite Karambit Warrior
33:29 Conscription
33:28 Siege Engineers
33:16 Fletching
35:38 Squires
35:24 Arson
35:57 Bodkin Arrow
37:05 Chemistry
35:47 Treadmill Crane
37:45 Bracer
37:47 Padded Archer Armor
Valley of happiness
3:01 Loom
11:10 Feudal Age
13:02 Wheelbarrow
17:37 Castle Age
16:05 Horse Collar
16:18 Double-Bit Axe
19:10 Bow Saw
19:59 Heavy Plow
22:55 Gold Mining
24:05 Town Watch
25:07 Gold Shaft Mining
24:26 Stone Mining
26:20 Husbandry
28:52 Scale Barding Armor
31:38 Bloodlines
31:54 Ballistics
31:54 Forging
32:41 Chain Barding Armor
33:32 Iron Casting
32:49 Fletching
33:28 Masonry
33:30 Murder Holes
34:28 Hand Cart
38:15 Imperial Age
B3Guy
5:17 Loom
10:58 Feudal Age
12:35 Bloodlines
13:34 Scale Barding Armor
13:41 Forging
23:25 Castle Age
21:23 Double-Bit Axe
23:21 Horse Collar
25:49 Wheelbarrow
25:43 Husbandry
25:05 Light Cavalry
26:22 Iron Casting
26:08 Chain Barding Armor
26:04 Pikeman
27:51 Squires
28:41 Scale Mail Armor
30:23 Hand Cart
30:29 Chain Mail Armor
30:34 Gold Mining
30:36 Stone Mining
33:17 Town Watch
35:21 Gold Shaft Mining
34:56 Town Patrol
35:22 Arson
40:14 Imperial Age
tiger
7:40 Loom
13:14 Feudal Age
14:13 Double-Bit Axe
19:59 Scale Barding Armor
26:37 Wheelbarrow
28:03 Castle Age
26:41 Wheelbarrow
28:56 Gold Mining
28:58 Stone Mining
29:21 Bow Saw
32:19 Hand Cart
33:07 Chain Barding Armor
33:00 Forging
32:55 Husbandry
38:04 Iron Casting
37:31 Scale Mail Armor
37:32 Pikeman
38:00 Arson
FluxLithium
9:57 Feudal Age
10:30 Loom
10:37 Double-Bit Axe
14:51 Fletching
15:02 Padded Archer Armor
20:24 Castle Age
20:44 Crossbowman
21:30 Thumb Ring
21:21 Bodkin Arrow
21:42 Leather Archer Armor
25:02 Scale Mail Armor
25:12 Forging
26:43 Squires
27:20 Chain Mail Armor
27:40 Iron Casting
29:04 Town Watch
31:12 Bow Saw
32:30 Iron Casting
37:01 Imperial Age
37:45 Bracer
38:15 Ring Archer Armor
Connection lost

Rejoining the realm…

Still unreachable

The connection could not be restored.

Session expired

The server has moved on; the page needs a fresh start.